 Dungeon Crawl Stone Soup version 0.32-a0-900-g30fb1b0edc (webtiles) character file.

Game seed: 840325392159749008

14654 tilp the Jinx (level 11, -1/85 HPs)
             Began as a Vampire Enchanter on Apr 5, 2024.
             Was a Follower of Wu Jian.
             Slain by a wyvern (16 damage)
             ... on level 1 of the Lair of Beasts.
             The game lasted 00:24:57 (14778 turns).

tilp the Jinx (Vampire Enchanter)                  Turns: 14778, Time: 00:24:57

Health: -1/85      AC:  7    Str:  7    XL:     11   Next: 91%
Magic:  1/19       EV: 12    Int: 22    God:    Wu Jian [*.....]
Gold:   517        SH:  5    Dex: 15    Spells: 5/21 levels left

rFire   . . .        a - +2 dagger (elec)
rCold   . . .        j - +0 buckler
rNeg    + . .        d - +0 leather armour
rPois   .            r - +0 helmet
rElec   .            v - +0 cloak
rCorr   .            p - +0 pair of gloves
SInv    +            (no boots)
Will    ++...        (no amulet)
Stlth   ++++         l - ring of positive energy
HPRegen 0.54/turn    s - ring of willpower
MPRegen 0.16/turn

%: no passive effects
@: healing quickly
A: alive, fangs 3, see invisible, vampiric 2
a: Exsanguinate, Renounce Religion


You were on level 1 of the Lair of Beasts.
You worshipped Wu Jian.
Wu Jian was aware of your devotion.
You visited 3 branches of the dungeon, and saw 13 of its levels.
You also visited: Ossuary.

You collected 621 gold pieces.
You spent 104 gold pieces at shops.

Inventory:

Hand Weapons
 a - a +2 dagger of electrocution (weapon)
 b - a +2 long sword of freezing
 q - a +1 dagger of protection
 Q - a +1 dagger of venom
Missiles
 o - 13 poisoned darts (quivered)
 E - 5 throwing nets {!f}
 G - 3 atropa-tipped darts
 L - 5 boomerangs
 R - a curare-tipped dart {!f}
Armour
 d - a +0 leather armour (worn)
 e - a +0 robe
 j - a +0 buckler (worn)
 p - a +0 pair of gloves (worn)
 r - a +0 helmet (worn)
 v - a +0 cloak (worn)
 J - a +0 kite shield
 M - +2 swamp dragon scales
Magical Staves
 u - a staff of air
Jewellery
 l - a ring of positive energy (left hand)
 s - a ring of willpower (right hand)
 P - an amulet of the acrobat
 S - an amulet of reflection
Wands
 w - a wand of warping (15)
 D - a wand of paralysis (17)
 F - a wand of light (4)
 I - a wand of flame (15)
Scrolls
 m - 2 scrolls of poison
 y - a scroll of immolation
 H - a scroll of amnesia
 K - a scroll of blinking
 N - 2 scrolls of teleportation
 U - 2 scrolls of fog
Potions
 c - 4 potions of invisibility
 f - 3 potions of haste
 g - 2 potions of berserk rage
 h - 3 potions of mutation
 i - 3 potions of resistance {unknown}
 k - 2 potions of magic {unknown}
 n - 5 potions of curing
 t - 2 potions of might {unknown}
 x - 5 potions of lignification
 z - 2 potions of enlightenment {unknown}
 A - 4 potions of attraction {unknown}
 B - 2 potions of heal wounds
 C - 4 potions of cancellation
 O - a potion of brilliance {unknown}


   Skills:
 * Level 7.7 Fighting
 - Level 3.0(6.6) Short Blades
 * Level 8.4(8.6) Long Blades
 - Level 4.0 Armour
 - Level 6.0 Dodging
 + Level 10.4 Stealth
 - Level 4.0 Shields
 + Level 5.8 Spellcasting
 * Level 12.2 Hexes
 - Level 4.0 Evocations


You had 5 spell levels left.
You knew the following spells:

 Your Spells              Type           Power      Damage    Failure   Level
a - Ensorcelled Hibernat  Hex/Ice        66%        N/A       2%          2
b - Confusing Touch       Hex            57%        N/A       1%          3
c - Tukima's Dance        Hex            57%        N/A       1%          3
d - Dazzling Flash        Conj/Hex       66%        N/A       5%          3
e - Yara's Violent Unrav  Hex/Alch       16%        3d8       43%         5

Your spell library contained the following spells:

 Spells                   Type           Power      Damage    Failure   Level
 Mercury Vapours          Alch/Air       12%        N/A       32%         2
 Scorch                   Fire           12%        2d5       32%         2
 Static Discharge         Conj/Air       12%        3-4/arc   32%         2
 Mephitic Cloud           Conj/Alch/Air  6%         N/A       54%         3
 Airstrike                Air            3%         2d(1-17)  91%         4
 Brom's Barrelling Bould  Conj/Erth      6%         2d3       91%         4
 Flame Wave               Conj/Fire      6%         2d5       91%         4
 Leda's Liquefaction      Alch/Erth      3%         N/A       91%         4
 Passage of Golubria      Tloc           6%         N/A       91%         4
 Summon Lightning Spire   Summ/Air       6%         N/A       91%         4
 Fireball                 Conj/Fire      3%         3d4       99%         5
 Freezing Cloud           Conj/Ice/Air   3%         6-21      99%         5
 Iskenderun's Battlesphe  Conj           6%         2d6       99%         5
 Lee's Rapid Deconstruct  Erth           3%         3d5*      99%         5
 Conjure Ball Lightning   Conj/Air       3%         3x3d6     100%        6
 Permafrost Eruption      Ice/Erth       3%         2x4d2     100%        6
 Summon Cactus Giant      Summ           3%         N/A       100%        6
 Orb of Destruction       Conj           3%         9d5       100%        7


Dungeon Overview and Level Annotations

Branches:
Dungeon (11/15)            Temple (1/1) D:5            Lair (1/5) D:11
    Orc (0/2) D:10        Ossuary (visited)

Altars:
Ashenzari
Cheibriados
Dithmenos
Fedhas
Gozag
Hepliaklqana
Kikubaaqudgha
Makhleb
Nemelex Xobeh
Okawaru
Qazlal
Ru
Sif Muna
Trog
Uskayaw
Vehumet
Wu Jian
Xom
Yredelemnul

Shops:
D:2 ((((!   D:7 :   D:10 :


Innate Abilities, Weirdness & Mutations

Your natural rate of healing is accelerated.
You have razor-sharp teeth.
You have supernaturally acute eyesight. (SInv)
You are afflicted with vampirism and can become a bat while bloodless.


Message History

You hit the water moccasin.
The water moccasin is moderately wounded.
You feel sick. The water moccasin bites you.
You barely miss the water moccasin.
The water moccasin is moderately wounded.
You feel sick. The water moccasin barely misses you.
You miss the water moccasin.
The water moccasin is moderately wounded.
You feel sick.
You are no longer poisoned.
The water moccasin bites you.
* * * LOW HITPOINT WARNING * * *
You hit the water moccasin.
Lightning courses through the water moccasin!!
You kill the water moccasin!
The Council accepts your kill.
A wyvern comes into view.
Casting: Ensorcelled Hibernation (safe; 2% risk of failure)
Confirm with . or Enter, or press ? or * to list all spells.
Aiming: Ensorcelled Hibernation (safe; 2% risk of failure)
Press: ? - help, Shift-Dir - straight line, f - wyvern
Aim: a wyvern (wandering, hasn't noticed you, chance to affect: 62%)
The wyvern hisses angrily.
The wyvern resists with significant effort.
The wyvern bites you!
* * * LOW HITPOINT WARNING * * *
Casting: Ensorcelled Hibernation (safe; 2% risk of failure)
Confirm with . or Enter, or press ? or * to list all spells.
You don't have enough magic to cast this spell.
You hit the wyvern. You bite the wyvern.
The wyvern is lightly wounded.
The wyvern bites you!
* * * LOW HITPOINT WARNING * * *
You hit the wyvern.
The wyvern is lightly wounded.
The wyvern bites you but does no damage.
You hit the wyvern but do no damage. Lightning courses through the wyvern!
The wyvern is severely wounded.
The wyvern bites you!
You die...

#<........ ..
##.?...## .... ##..
##.##..# .... #..#
... . .... #####$.#
#.... .
#...###.#.#..#
#.###..
#.♣...#.....# ##
...#.#.#.#.P.#†#
#...$..#....#..#
#...k@.......#
#.#.#..........#
........#......##
......##..#.....#
.....##...#.##..###
##.......#...#....##
#.###.......†.....#
#.. ####..#.#.#..##
# #..########


You could see a wyvern.

Vanquished Creatures
  2 two-headed ogres
  A deep elf pyromancer (D:9)
  An ugly thing (D:11)
  A cyclops (D:11)
  3 elephants (Lair:1)
  A cane toad (Lair:1)
  Maggie (D:7)
  An unseen horror (D:10)
  A rime drake (Lair:1)
  A komodo dragon (D:10)
  A kobold demonologist (D:10)
  A troll (D:9)
  19 yaks
  A warg (D:10)
  2 wyverns
  2 wraiths (D:10)
  2 vampire mosquitoes (D:8)
  Menkaure (Ossuary)
  3 steam dragons
  An acid dragon (D:11)
  4 water moccasins
  Duvessa (D:5)
  An orc warrior (D:11)
  2 black bears
  A sky beast (D:7)
  3 ice beasts (D:7)
  4 wolves
  10 centaurs
  3 phantoms
  2 kobold brigands
  3 bullfrogs
  3 gnoll sergeants (D:7)
  4 scorpions
  Dowan (D:5)
  5 killer bees (D:9)
  2 howler monkeys
  3 centaur zombies (Ossuary)
  6 hounds (D:7)
  9 orc priests
  3 gnoll boudas
  11 orc wizards
  2 sleepcaps
  An iguana (D:4)
  2 ogre zombies (Ossuary)
  6 mummies (Ossuary)
  Robin (D:3)
  6 adders
  22 gnolls
  2 shadow imps
  4 ufetubi
  4 adder zombies (Ossuary)
  A ribbon worm (D:2)
  3 dart slugs
  25 orcs
  8 ball pythons
  4 bats
  6 endoplasms
  4 giant cockroaches
  10 goblins
  6 hobgoblins
  10 jackals
  6 quokkas
  11 frilled lizards
  3 gnoll zombies (Ossuary)
  2 goblin zombies (Ossuary)
  5 hobgoblin zombies (Ossuary)
  9 kobolds
  3 kobold zombies (Ossuary)
  4 quokka zombies (Ossuary)
  A rat (D:2)
  6 rat zombies
  A spectral hobgoblin (D:1)
305 creatures vanquished.

Vanquished Creatures (collateral kills)
  A wight (D:7)
  4 gnolls
5 creatures vanquished.

Vanquished Creatures (others)
  3 dancing weapons
  A centaur (D:11)
4 creatures vanquished.

Grand Total: 314 creatures vanquished

Notes
Turn   | Place    | Note
-------+----------+-------------------------------------------
     0 | D:1      | tilp the Vampire Enchanter began the quest for the Orb.
     0 | D:1      | Reached XP level 1. HP: 13/13 MP: 3/3
   162 | D:1      | Reached XP level 2. HP: 16/20 MP: 5/5
   171 | D:1      | Learned a level 2 spell: Ensorcelled Hibernation
   517 | D:1      | Found a faded altar of an unknown god.
   546 | D:1      | Reached skill level 1 in Long Blades
  1271 | D:2      | Reached skill level 1 in Fighting
  1271 | D:2      | Gained mutation: You are afflicted with vampirism and can
                  | become a bat while bloodless. [Vampire growth]
  1271 | D:2      | Reached XP level 3. HP: 26/26 MP: 6/6
  1312 | D:1      | Learned a level 3 spell: Confusing Touch
  1610 | D:2      | Found Qonwis's Distillery.
  1617 | D:2      | Bought a potion of curing for 39 gold pieces
  1644 | D:2      | Found Yriez's Weapon Emporium.
  1860 | D:2      | Reached XP level 4. HP: 31/32 MP: 7/7
  1867 | D:2      | Found Raps's Antique Weapon Boutique.
  2199 | D:2      | Found Ufioch's Weapon Shop.
  2217 | D:2      | Found Joson's Weapon Shoppe.
  2651 | D:3      | Noticed a phantom
  3317 | D:3      | Noticed Robin
  3321 | D:3      | Killed Robin
  3322 | D:3      | Reached skill level 5 in Stealth
  3570 | D:3      | Killed a phantom
  3571 | D:3      | Reached skill level 1 in Shields
  3571 | D:3      | Reached XP level 5. HP: 24/38 MP: 1/8
  3790 | D:3      | Learned a level 3 spell: Tukima's Dance
  3861 | D:4      | Reached XP level 6. HP: 36/45 MP: 2/10
  4651 | D:2      | Bought a potion of heal wounds for 65 gold pieces
  4755 | D:5      | Entered Level 5 of the Dungeon
  4833 | D:5      | Reached skill level 5 in Hexes
  4917 | D:5      | Found a sand-covered staircase.
  4934 | Ossuary  | Entered an ossuary
  5032 | Ossuary  | Reached XP level 7. HP: 46/51 MP: 7/11
  5036 | Ossuary  | Learned a level 3 spell: Dazzling Flash
  5822 | Ossuary  | Noticed Menkaure
  5990 | Ossuary  | Killed Menkaure
  6257 | D:5      | Found a staircase to the Ecumenical Temple.
  6274 | Temple   | Entered the Ecumenical Temple
  6372 | D:5      | Reached skill level 6 in Hexes
  6372 | D:5      | Reached XP level 8. HP: 33/58 MP: 2/13
  6539 | D:5      | Noticed Dowan
  6540 | D:5      | Noticed Duvessa
  6565 | D:5      | Killed Duvessa
  6568 | D:5      | Killed Dowan
  7470 | D:6      | Reached skill level 7 in Hexes
  7954 | D:6      | Reached XP level 9. HP: 52/65 MP: 2/15
  8342 | D:7      | Reached skill level 1 in Armour
  8398 | D:7      | Reached skill level 1 in Evocations
  8408 | D:7      | Reached skill level 5 in Long Blades
  8558 | D:7      | Found Xozithras's Book Shop.
  8829 | D:7      | Reached skill level 8 in Hexes
  9019 | D:7      | Reached skill level 5 in Fighting
  9287 | D:7      | Noticed Maggie
  9296 | D:7      | Killed Maggie
  9315 | D:7      | Reached skill level 5 in Dodging
  9490 | D:7      | Reached skill level 9 in Hexes
  9941 | D:7      | Reached XP level 10. HP: 74/74 MP: 8/16
 10246 | D:8      | Learned a level 5 spell: Yara's Violent Unravelling
 10530 | D:8      | Reached skill level 10 in Hexes
 10678 | D:8      | Found an ornate altar of the Wu Jian Council.
 10789 | D:8      | Became a worshipper of the Wu Jian Council
 11104 | D:8      | Found an ornate altar of the Wu Jian Council.
 11364 | D:9      | Reached skill level 5 in Spellcasting
 11811 | D:9      | Noticed a two-headed ogre
 11816 | D:9      | Killed a two-headed ogre
 11976 | D:9      | Noticed a deep elf pyromancer
 11982 | D:9      | Killed a deep elf pyromancer
 11983 | D:9      | Reached XP level 11. HP: 80/83 MP: 15/18
 12614 | D:10     | Entered Level 10 of the Dungeon
 12637 | D:10     | Noticed a two-headed ogre
 12639 | D:10     | Killed a two-headed ogre
 12656 | D:10     | Reached skill level 11 in Hexes
 12835 | D:10     | Found a staircase to the Orcish Mines.
 12850 | D:10     | Reached * piety under Wu Jian
 13058 | D:10     | Found a shimmering altar of Xom.
 13149 | D:10     | Found Bics's Book Shop.
 13707 | D:11     | Found a staircase to the Lair.
 13761 | D:11     | Reached skill level 10 in Stealth
 14004 | D:11     | Noticed a cyan ugly thing
 14010 | D:11     | Killed a cyan ugly thing
 14691 | Lair:1   | Entered Level 1 of the Lair of Beasts
 14716 | Lair:1   | Reached skill level 12 in Hexes
 14778 | Lair:1   | Slain by a wyvern

Illustrated notes

Levels and vault maps discovered:
D:1:      dpeg_arrival_rooms_b, layout_basic,
          dreamdust_ecumenical_altar_drowned_temple
D:2:      layout_loops_corners, serial_shops, shop_fountains, shop, shop,
          nicolae_shop_tiny_waterfront, nicolae_shop_stone
D:3:      layout_basic, serial_bayou, serial_bayou_pond_e, serial_bayou_pond_c,
          serial_bayou_lagoon_a, serial_bayou_lake_a, serial_bayou_shore_b,
          serial_bayou_pond_a, uniq_robin
D:4:      layout_basic
D:5:      layout_cave_pods, minmay_temple_entry_glass, enter_ossuary_4,
          st_stairs_5, chequers_serial_rivers_small_b, uniq_duvessa
D:6:      layout_basic, grunt_ministairs_13
D:7:      layout_cave_pools, serial_gnoll_camp, gnoll_camp_mini_doghouse,
          gnoll_camp_mini_basic, gnoll_camp_mini_sergeant,
          gnoll_camp_mini_house, gnoll_camp_mini_doghouse, gnoll_camp_mini_hut,
          serial_shops, shop, st_stairs_5, kennysheep_generic_room_15,
          uniq_maggie
D:8:      layout_rooms, general_overflow_altar,
          nicolae_wu_jian_immortal_techniques
D:9:      layout_cave_pods, hangedman_decor_clover_reticule, minmay_crystal_room
D:10:     layout_loops_ring, mainiacjoe_overflow_six_doors_small, david_orc_3,
          serial_shops, shop
D:11:     layout_stronghold, lair_entry_dummy
Temple:   hellmonk_temple_of_storms
Lair:1:   minmay_guarded_unrand_snakebite, layout_misc_corridors,
          portal_ice_cave_rime, grunt_megastairs_5, uniq_gastronok, uniq_fannar

Skill      XL: |  1  2  3  4  5  6  7  8  9 10 11 |
---------------+----------------------------------+-----
Long Blades    | 1 2 3 4 5 7 8 |  8.4
Fighting       | 1 2 3 4 5 6 7 |  7.7
Short Blades   | 2 3 |  3.0
Stealth        | 5 6 7 8 9 10 | 10.4
Shields        | 1 2 3 4 |  4.0
Dodging        | 3 4 5 6 |  6.0
Hexes          | 5 6 7 9 10 12 | 12.2
Spellcasting   | 3 4 5 |  5.8
Armour         | 2 3 4 |  4.0
Evocations     | 2 3 4 |  4.0

Action                     |  1- 3 |  4- 6 |  7- 9 | 10-12 || total
---------------------------+-------+-------+-------+-------++-------
  Melee: Dagger            |    68 |   237 |   380 |   232 ||   917
         Bite              |     6 |    29 |    52 |    36 ||   123
         Long sword        |       |       |       |    27 ||    27
  Throw: Dart              |       |       |     2 |       ||     2
   Cast: Ensorcelled Hiber |     2 |    13 |    73 |    84 ||   172
         Confusing Touch   |       |     9 |    19 |     7 ||    35
         Tukima's Dance    |       |       |    13 |       ||    13
         Dazzling Flash    |       |       |     1 |     4 ||     5
Ability: Lunge             |       |       |       |    14 ||    14
    Use: Scroll            |       |     7 |     8 |     6 ||    21
         Potion            |       |     2 |       |     1 ||     3
   Stab: Sleeping          |    12 |    19 |    54 |    61 ||   146
         Distracted        |     1 |     1 |     1 |       ||     3
         Invisible         |       |     3 |     1 |       ||     4
         Confused          |       |     2 |    17 |     7 ||    26
 Armour: Leather armour    |    33 |   145 |   212 |   149 ||   539
  Dodge: Dodged            |    33 |   169 |   212 |   147 ||   561
  Block: Buckler           |     7 |    13 |    74 |    60 ||   154

Table legend: (Time is in decaauts)
 A = Elapsed time spent in this place.
 B = Non-inter-level travel time spent in this place.
 C = Inter-level travel time spent in this place.
 D = Time resting spent in this place.
 E = Time spent auto-exploring this place.
 F = Levels seen in this place.
 G = Mean time per level.
                   A        B        C        D        E       F      G
               +--------+--------+--------+--------+--------+-----+--------+
         Total |  14736 |  13882 |    854 |   1722 |   9313 |  14 | 1052.6 |
       Dungeon |  13389 |  12536 |    853 |   1104 |   9197 |  11 | 1217.2 |
        Temple |      1 |      0 |      1 |      0 |      0 |   1 |    1.0 |
          Lair |     77 |     77 |      0 |      0 |      0 |   1 |   77.0 |
       Ossuary |   1268 |   1268 |      0 |    618 |    116 |   1 | 1268.0 |
               +--------+--------+--------+--------+--------+-----+--------+

Top non-repeatable levels by time:
     D:7: 1606 daAuts
     D:2: 1513 daAuts
     D:8: 1406 daAuts
     D:1: 1317 daAuts
 Ossuary: 1268 daAuts
     D:5: 1233 daAuts
     D:3: 1189 daAuts
     D:6: 1129 daAuts
     D:9: 1123 daAuts
    D:11: 1097 daAuts
    D:10: 986 daAuts
     D:4: 785 daAuts
  Lair:1: 77 daAuts
  Temple: 1 daAuts
